 Dungeon Crawl Stone Soup version 0.30-a0-1016-gfb0d676c02 (webtiles) character file.

Game seed: 17535052557968226967

21 ThatPearl the Sneak (level 3, -11/21 HPs)
             Began as a Kobold Brigand on Apr 6, 2023.
             Mangled by Terence
             ... wielding a +0 flail
              (12 damage)
             ... on level 2 of the Dungeon.
             The game lasted 00:02:54 (703 turns).

ThatPearl the Sneak (Kobold Brigand)                 Turns: 703, Time: 00:02:55

Health: -11/21     AC:  4    Str:  8    XL:     3   Next: 5%
Magic:  3/3        EV: 10    Int: 14    God:
Gold:   78         SH:  0    Dex: 16    Spells: 2/2 levels left

rFire   . . .      SeeInvis .    a - +2 dagger
rCold   . . .      Faith    .    (no shield)
rNeg    . . .      Spirit   .    j - +0 leather armour
rPois   .          Reflect  .    (no helmet)
rElec   .          Rampage  .    c - +0 cloak
rCorr   .                        (no gloves)
Will    .....                    (no boots)
Stlth   ++++                     (no amulet)
HPRegen 0.23/turn                (no ring)
MPRegen 0.08/turn                (no ring)

@: attractive, constricted
A: small, no large weapons, nightstalker 3
a: no special abilities


You were on level 2 of the Dungeon.
You visited 1 branch of the dungeon, and saw 2 of its levels.

You collected 78 gold pieces.

Inventory:

Hand Weapons
 a - a +2 dagger (weapon)
 b - a +0 sling
Missiles
 d - 9 poisoned darts (quivered)
 e - 3 curare-tipped darts
 k - 13 stones
Armour
 c - a +0 cloak (worn)
 j - a +0 leather armour (worn)
Scrolls
 f - a scroll of torment {unknown}
 g - a scroll of noise {unknown}
 i - a scroll of teleportation {unknown}


   Skills:
 - Level 2.1 Fighting
 * Level 3.8 Short Blades
 + Level 2.4 Throwing
 - Level 1.2 Dodging
 + Level 5.7 Stealth


You had 2 spell levels left.
You didn't know any spells.
Your spell library was empty.

Dungeon Overview and Level Annotations

Branches:
Dungeon (2/15)

Altars:

Annotations:
D:2 Terence


Innate Abilities, Weirdness & Mutations

You are small and have problems with some larger weapons.
You are completely attuned to the shadows.


Message History

Terence hits you with a +0 flail!
You barely miss Terence.
Terence is heavily wounded.
Terence hits you with a +0 flail!
* * * LOW HITPOINT WARNING * * *
You hit Terence but do no damage.
Terence is heavily wounded.
A ball python comes into view.
The ball python is attracted toward you.
The ball python hisses angrily.
You hit Terence but do no damage.
Terence is heavily wounded.
Terence misses you. The ball python barely misses you. x2
You barely miss Terence.
Terence is heavily wounded.
Terence hits you but does no damage. The ball python barely misses you.
The ball python grabs you. The ball python constricts you.
You hit Terence but do no damage.
Terence is heavily wounded.
Terence closely misses you. The ball python bites you.
* * * LOW HITPOINT WARNING * * *
The ball python constricts you.
You hit Terence but do no damage.
Terence is heavily wounded.
Terence completely misses you.
The ball python bites you but does no damage.
The ball python constricts you.
You hit Terence but do no damage.
Terence is heavily wounded.
Terence hits you with a +0 flail.
* * * LOW HITPOINT WARNING * * *
You barely miss Terence.
Terence is heavily wounded.
The ball python barely misses you. The ball python constricts you.
You completely miss Terence.
Terence is heavily wounded.
The ball python closely misses you. The ball python constricts you.
Terence hits you with a +0 flail!
Ouch! That really hurt!
You die...

..# ..#
..#... ##.
..>.#
...###.#.#
#..#..@.#.#
.# #.).#@...#
..##....S.###
......###...
........<....
......###....
..##<## #.#
#.# #.#


You could see Terence and a ball python.

Vanquished Creatures
  3 endoplasms (D:1)
  A giant cockroach (D:1)
  2 goblins (D:1)
  A hobgoblin (D:1)
  A ball python (D:1)
  2 bats (D:1)
  5 kobolds
  6 rats
21 creatures vanquished.

Notes
Turn   | Place    | Note
-------+----------+-------------------------------------------
     0 | D:1      | ThatPearl the Kobold Brigand began the quest for the Orb.
     0 | D:1      | Reached XP level 1. HP: 12/12 MP: 1/1
   145 | D:1      | Reached XP level 2. HP: 17/17 MP: 2/2
   568 | D:1      | Reached XP level 3. HP: 17/21 MP: 3/3
   674 | D:2      | Noticed Terence
   701 | D:2      | HP: 1/21 [Terence/+0 flail (2)]
   703 | D:2      | Mangled by Terence

Illustrated notes

Levels and vault maps discovered:
D:1:      psy_arrival_dodecagon, layout_basic
D:2:      layout_loops_ring, minmay_misc_feat_roman, roderic_roman_lattice,
          minmay_cut_off, uniq_terence, uniq_sigmund

Skill      XL: |  1 |
---------------+----+-----
Short Blades   | 3 |  3.8
Fighting       | |  2.1
Throwing       | |  2.4
Dodging        | |  1.2
Stealth        | |  5.7

Action                     || total
---------------------------++-------
  Melee: Dagger            ||    77
    Use: Potion            ||     2
   Stab: Sleeping          ||     9
 Armour: Robe              ||     5
         Leather armour    ||     9
  Dodge: Dodged            ||    44

Table legend: (Time is in decaauts)
 A = Elapsed time spent in this place.
 B = Non-inter-level travel time spent in this place.
 C = Inter-level travel time spent in this place.
 D = Time resting spent in this place.
 E = Time spent auto-exploring this place.
 F = Levels seen in this place.
 G = Mean time per level.
                   A        B        C        D        E       F      G
               +--------+--------+--------+--------+--------+-----+--------+
         Total |    689 |    669 |     20 |      0 |    461 |   2 |  344.5 |
       Dungeon |    689 |    669 |     20 |      0 |    461 |   2 |  344.5 |
               +--------+--------+--------+--------+--------+-----+--------+

Top non-repeatable levels by time:
     D:1: 656 daAuts
     D:2: 32 daAuts
